AoeStats
← So sad

MegaRandom

507119810Analyzed
3v3 RM · 15d ago on Sep 16, 2026· 65m 48s· 6 players
Game mode
Random Map
Map size
Normal (6 player)
Population
200
Speed
Normal
Resources
Standard
Victory
Conquest
Starting age
Dark Age
Ending age
Imperial Age
RankedLock teamsTeams togetherTeam positionsShared explorationLock speedFull tech treeHidden civsTurbo modeCheats
Victory
Defeat
🇬🇧 Hindustanis · United Kingdom
1374
+16
🇬🇧 Persians · United Kingdom
1355
+17
🇬🇧 Burgundians · United Kingdom
1351
+17
🇧🇾 Jurchens · Belarus
1393
-17
🇺🇦 Maya · Ukraine
1393
-17
🇧🇾 Wu · Belarus
1360
-16
Rkid69
5:22 Loom
10:09 Feudal Age
15:45 Castle Age
14:20 Scale Barding Armor
14:15 Gold Mining
14:49 Horse Collar
15:38 Scale Barding Armor
16:36 Forging
17:36 Chain Barding Armor
18:29 Cavalier
26:31 Husbandry
36:14 Light Cavalry
45:02 Heavy Plow
44:50 Double-Bit Axe
46:34 Wheelbarrow
46:33 Stone Mining
48:02 Burgundian Vineyards
48:30 Hand Cart
49:24 Iron Casting
49:09 Bow Saw
52:14 Imperial Age
50:05 Padded Archer Armor
49:56 Fletching
50:19 Elite Skirmisher
52:24 Hussar
53:06 Bodkin Arrow
53:26 Leather Archer Armor
53:48 Plate Barding Armor
54:18 Bracer
55:32 Paladin
59:08 Crop Rotation
61:19 Conscription
66:08 Scale Mail Armor
65:33 Pikeman
66:14 Squires
66:00 Arson
Dexter
1:01 Loom
10:00 Feudal Age
15:50 Castle Age
14:26 Fletching
16:39 Bodkin Arrow
17:10 Padded Archer Armor
18:17 Double-Bit Axe
19:21 Husbandry
21:03 Leather Archer Armor
21:07 Bloodlines
20:58 Gold Mining
23:17 Wheelbarrow
23:35 Town Watch
24:39 Horse Collar
25:46 Ballistics
27:20 Bow Saw
28:05 Stone Mining
32:03 Imperial Age
30:09 Thumb Ring
32:47 Bracer
33:49 Chemistry
33:40 Conscription
34:13 Ring Archer Armor
34:38 Heavy Cavalry Archer
36:00 Masonry
40:47 Two-Man Saw
41:47 Scale Barding Armor
41:53 Forging
41:09 Light Cavalry
42:27 Siege Engineers
43:55 Coinage
43:47 Hand Cart
43:40 Heavy Plow
43:16 Siege Elephant
44:52 Chain Barding Armor
45:08 Iron Casting
45:31 Elite Skirmisher
46:30 Onager
51:49 Plate Barding Armor
52:15 Blast Furnace
52:11 Heavy Camel Rider
52:51 Murder Holes
54:19 Hoardings
53:46 Grand Trunk Road
53:41 Hussar
56:26 Banking
65:21 Imperial Camel Rider
Fefs80
8:28 Feudal Age
6:45 Loom
14:20 Castle Age
13:33 Horse Collar
14:30 Double-Bit Axe
16:01 Scale Barding Armor
17:47 Forging
18:13 Gold Mining
20:55 Chain Barding Armor
20:52 Bloodlines
21:30 Bow Saw
24:37 Heavy Plow
25:02 Stone Mining
25:51 Padded Archer Armor
25:42 Fletching
28:09 Iron Casting
28:12 Husbandry
33:14 Imperial Age
32:14 Wheelbarrow
33:32 Padded Archer Armor
33:00 Cavalier
34:54 Plate Barding Armor
37:03 Savar
37:58 Town Watch
39:52 Blast Furnace
39:59 Conscription
41:17 Light Cavalry
43:17 Crop Rotation
44:36 Ballistics
44:13 Bodkin Arrow
45:35 Hand Cart
54:19 Gold Shaft Mining
54:21 Padded Archer Armor
55:47 Chemistry
54:42 Hussar
56:16 Coinage
56:43 Leather Archer Armor
57:44 Murder Holes
58:22 Citadels
58:28 Masonry
65:12 Scale Mail Armor
NiL
4:32 Loom
9:54 Feudal Age
10:34 Double-Bit Axe
14:59 Castle Age
14:08 Stone Mining
14:21 Gold Mining
14:45 Fletching
14:57 Padded Archer Armor
18:41 Elite Skirmisher
18:44 Crossbowman
22:50 Thumb Ring
23:26 Bodkin Arrow
25:25 Leather Archer Armor
28:03 Wheelbarrow
27:13 Town Watch
28:15 Horse Collar
32:08 Hand Cart
32:36 Ballistics
36:56 Imperial Age
36:43 Squires
36:03 Eagle Warrior
36:13 Eagle Warrior
36:54 Squires
36:40 Arson
36:59 Scale Mail Armor
37:09 Forging
37:02 Arbalester
37:02 Elite Skirmisher
40:12 Conscription
41:07 Chain Mail Armor
41:28 Iron Casting
41:21 Elite Eagle Warrior
42:34 Plate Mail Armor
42:06 Bracer
42:39 Pikeman
44:49 Murder Holes
45:55 Chemistry
45:07 Masonry
46:34 Stone Shaft Mining
46:21 Halberdier
51:33 Caravan
57:31 Holcans
57:10 Hul'che Javelineers
59:15 Ring Archer Armor
62:00 Blast Furnace
64:06 Hoardings
HURMA
1:47 Loom
10:30 Feudal Age
11:10 Double-Bit Axe
13:52 Castle Age
12:31 Scale Barding Armor
12:33 Horse Collar
13:37 Forging
14:08 Bloodlines
14:57 Chain Barding Armor
14:51 Husbandry
14:25 Light Cavalry
20:25 Iron Casting
20:16 Heavy Plow
24:03 Fletching
24:12 Gold Mining
26:20 Bodkin Arrow
26:27 Padded Archer Armor
27:36 Wheelbarrow
27:42 Gold Shaft Mining
26:58 Stone Mining
28:04 Wheelbarrow
30:02 Imperial Age
28:38 Stone Mining
30:05 Ballistics
29:54 Siege Engineers
30:47 Town Watch
32:03 Wheelbarrow
33:04 Plate Barding Armor
34:11 Conscription
35:18 Blast Furnace
34:32 Hussar
36:04 Treadmill Crane
37:25 Chemistry
36:50 Bracer
37:48 Hand Cart
38:01 Bow Saw
37:17 Heavy Scorpion
39:04 Coinage
39:29 Murder Holes
40:27 Leather Archer Armor
40:56 Elite Iron Pagoda
41:44 Capped Ram
44:01 Ring Archer Armor
43:33 Scale Mail Armor
44:26 Stone Shaft Mining
44:56 Masonry
47:34 Hoardings
50:48 Caravan
52:31 Chain Mail Armor
53:26 Architecture
53:00 Fortified Bastions
53:16 Thunderclap Bombs
53:31 Fortified Wall
54:02 Guard Tower
53:57 Sappers
55:30 Banking
55:13 Guilds
58:01 Two-Man Saw
So sad
0:56 Loom
2:16 Loom
12:13 Feudal Age
12:44 Town Watch
17:18 Wheelbarrow
18:53 Castle Age
22:57 Fletching
24:22 Stone Mining
26:36 Bodkin Arrow
28:30 Wheelbarrow
28:31 Masonry
28:45 Gold Mining
28:50 Double-Bit Axe
30:19 Hand Cart
30:05 Elite Skirmisher
31:26 Red Cliffs Tactics
32:38 Padded Archer Armor
36:35 Imperial Age
34:32 Bow Saw
35:22 Gold Shaft Mining
35:17 Treadmill Crane
35:33 Murder Holes
36:08 Town Patrol
37:06 Leather Archer Armor
39:45 Chemistry
39:16 Architecture
40:08 Conscription
40:31 Ballistics
41:40 Horse Collar
45:08 Squires
45:11 Scale Mail Armor
45:26 Heavy Plow
46:05 Forging
47:17 Stone Shaft Mining
51:35 Scale Barding Armor
52:06 Iron Casting
53:04 Heavy Hei Guang Cavalry
53:45 Husbandry
53:55 Bloodlines
55:25 Two-Man Saw
61:32 Light Cavalry
Connection lost

Rejoining the realm…

Still unreachable

The connection could not be restored.

Session expired

The server has moved on; the page needs a fresh start.